 Dungeon Crawl Stone Soup version 0.29.1-2-gbd0b4ee654 (webtiles) character file.

Game seed: 2375613910154090417

453 xian the Cudgeller (level 7, -1/59 HPs)
             Began as a Ghoul Gladiator on Nov 22, 2022.
             Slain by a gnoll
             ... wielding a +0 halberd
              (2 damage)
             ... on level 4 of the Dungeon.
             The game lasted 00:15:19 (3416 turns).

xian the Cudgeller (Ghoul Gladiator)                Turns: 3416, Time: 00:15:19

Health: -1/59      AC: 12    Str: 20    XL:     7   Next: 5%
Magic:  6/6        EV:  7    Int:  3    God:
Gold:   161        SH:  0    Dex: 16    Spells: 6/6 levels left

rFire   . . .      SeeInvis .   h - +0 great mace
rCold   + . .      Faith    .   (shield currently unavailable)
rNeg    + + +      Spirit   .   g - +0 plate armour
rPois   ∞          Reflect  .   c - +0 helmet
rElec   .          Harm     .   (no cloak)
rCorr   .          Rampage  .   (no gloves)
Will    .....                   (no boots)
Stlth   ..........              (no amulet)
HPRegen 0.00/turn               i - +6 ring of dexterity
MPRegen 0.10/turn               (no ring)

@: mighty, inhibited regen
A: claws 1, cold resistance 1, negative energy resistance 3, inhibited
regeneration, torment resistance 2, devour on kill
a: no special abilities


You were on level 4 of the Dungeon.
You visited 1 branch of the dungeon, and saw 5 of its levels.

You collected 161 gold pieces.

Inventory:

Hand Weapons
 a - a +0 war axe
 h - a +0 great mace (weapon)
Missiles
 b - 2 boomerangs (quivered)
 d - 3 throwing nets
 e - a javelin
Armour
 c - a +0 helmet (worn)
 g - a +0 plate armour (worn)
Jewellery
 i - a +6 ring of dexterity (left claw)
 t - a ring of wizardry
Wands
 y - a wand of quicksilver (3)
Scrolls
 f - a scroll of amnesia
 j - 2 scrolls of fear {unknown}
 k - a scroll of enchant armour
 l - 2 scrolls of blinking {unknown}
 m - 2 scrolls of fog {unknown}
 o - a scroll of enchant weapon
 p - 2 scrolls of immolation
 q - 3 scrolls of teleportation
Potions
 n - 2 potions of heal wounds {unknown}
 r - 3 potions of might
 s - a potion of ambrosia {unknown}
 u - a potion of cancellation {unknown}
 v - a potion of curing {unknown}
 w - a potion of haste {unknown}
 x - a potion of attraction {unknown}


   Skills:
 + Level 4.2 Fighting
 + Level 2.9(4.1) Axes
 + Level 4.4(4.9) Maces & Flails
 + Level 1.9 Throwing
 + Level 2.0 Armour
 + Level 3.1 Dodging
 + Level 0.6 Stealth


You had 6 spell levels left.
You didn't know any spells.
Your spell library was empty.

Dungeon Overview and Level Annotations

Branches:
Dungeon (5/15)
 Temple: D:4-7

Altars:


Innate Abilities, Weirdness & Mutations

You are immune to poison.
You have sharp fingernails.
Your flesh is cold resistant. (rC+)
You are immune to negative energy. (rN+++)
You do not regenerate when monsters are visible.
You are immune to unholy pain and torment.
You thrive by killing the living.


Message History

Reactivating autopickup.
The orc hits you with a +0 flail.
There is a stone staircase leading down here.
You bludgeon the orc!!
You kill the orc!
You feel better. The orc barely misses you. The gnoll barely misses you.
The hobgoblin barely misses you.
The gnoll hits you from afar with a +0 halberd!
The orc hits you but does no damage. The orc attacks as you move away!
The orc barely misses you. The hobgoblin hits you.
Things that are here:
a +0 club; a +0 leather armour You barely miss the hobgoblin.
The hobgoblin hits you but does no damage.
The hobgoblin barely misses you.
You sock the hobgoblin!
You kill the hobgoblin!
The gnoll barely misses you. The orc hits you with a +0 flail.
The gnoll hits you from afar with a +0 halberd.
You sock the orc!
You kill the orc!
The gnoll barely misses you. The gnoll hits you with a +0 halberd!
Items here: )) [ †.
The gnoll hits you with a +0 halberd!
* * * LOW HITPOINT WARNING * * *
There is a stone staircase leading down here.
You barely miss the gnoll. The gnoll hits you with a +0 halberd.
* * * LOW HITPOINT WARNING * * *
The gnoll hits you but does no damage.
You closely miss the gnoll. The gnoll hits you with a +0 halberd!
* * * LOW HITPOINT WARNING * * *
It was a potion of might.
You feel very mighty all of a sudden. The gnoll hits you but does no damage.
You thump the gnoll!
The gnoll is almost dead.
The gnoll hits you but does no damage. The gnoll hits you with a +0 halberd.
You die...

#..# ##........
#..#######.......#~
#..##<......#..###
#..#######.##..#
#..#####......#~≈
###..##.........#≈≈≈
#....##.##......#
≈#≈
#.....#g##......# ≈
#'#.#.†@)........≈
.o.#...####.......##
#...#..## #.........
#####..# #####.....
....# .... .....# #
.......# ########


You could see a gnoll.

Vanquished Creatures
  An ice beast (D:3)
  A scorpion (D:3)
  2 hounds
  Natasha (D:3)
  An orc wizard (D:5)
  9 adders
  3 gnolls
  A worm (D:3)
  2 dart slugs
  6 orcs
  5 ball pythons
  4 endoplasms
  3 giant cockroaches
  3 goblins
  8 hobgoblins
  6 jackals
  2 quokkas
  5 bats
  A frilled lizard (D:1)
  6 kobolds
  A rat (D:3)
71 creatures vanquished.

Vanquished Creatures (others)
  2 plants (D:4)
2 creatures vanquished.

Grand Total: 73 creatures vanquished

Notes
Turn   | Place    | Note
-------+----------+-------------------------------------------
     0 | D:1      | xian the Ghoul Gladiator began the quest for the Orb.
     0 | D:1      | Reached XP level 1. HP: 17/17 MP: 0/0
   235 | D:1      | Reached XP level 2. HP: 24/24 MP: 1/1
   651 | D:1      | Reached XP level 3. HP: 13/30 MP: 2/2
   866 | D:1      | Reached skill level 1 in Maces & Flails
  1826 | D:2      | Reached skill level 1 in Armour
  1980 | D:3      | Reached XP level 4. HP: 34/37 MP: 3/3
  2190 | D:3      | Noticed Natasha
  2546 | D:3      | Found a faded altar of an unknown god.
  2565 | D:3      | Reached XP level 5. HP: 44/44 MP: 4/4
  2651 | D:3      | Killed Natasha
  2673 | D:3      | Reached XP level 6. HP: 44/51 MP: 5/5
  3096 | D:4      | Noticed an ice beast
  3110 | D:3      | Killed an ice beast
  3353 | D:5      | Entered Level 5 of the Dungeon
  3378 | D:5      | Reached XP level 7. HP: 40/59 MP: 6/6
  3414 | D:4      | HP: 1/59 [gnoll/+0 halberd (7)]
  3416 | D:4      | Slain by a gnoll

Illustrated notes

Levels and vault maps discovered:
D:1:      minmay_arrival_loop, layout_basic
D:2:      layout_basic, minmay_misc_feat_tower, minmay_misc_feat_tiny,
          kennysheep_boxes
D:3:      layout_loops_cross, nicolae_ecumenical_snake_handling, uniq_natasha
D:4:      corexii_shantytown, layout_basic, minivault_4, roderic_lattice_a,
          kennysheep_nondescript
D:5:      layout_cave_pods, minmay_temple_entry_arrows, uniq_menkaure

Skill      XL: |  1  2  3  4  5  6 |
---------------+-------------------+-----
Dodging        | 3 |  3.1
Maces & Flails | 1 2 3 4 |  4.4
Armour         | 1 2 |  2.0
Fighting       | 3 4 |  4.2
Axes           | |  2.9
Throwing       | |  1.9
Stealth        | |  0.6

Action                   |  1- 3 |  4- 6 |  7- 9 || total
-------------------------+-------+-------+-------++-------
Melee: Great mace        |    81 |   130 |    11 ||   222
       War axe           |     5 |       |       ||     5
Throw: Boomerang         |       |     3 |       ||     3
  Use: Scroll            |     3 |     2 |       ||     5
       Potion            |       |       |     1 ||     1
 Stab: Sleeping          |     2 |       |       ||     2
Armor: Leather armour    |    43 |       |       ||    43
       Plate armour      |     2 |   126 |    14 ||   142
Dodge: Dodged            |    63 |    58 |    15 ||   136
